Colorado Rockies vs Vegas Golden Knights
Created - Wednesday, February 21, 2024 at 07:46
Goals
|
| Colorado Rockies |
1 |
1 |
2 |
4 |
| Vegas Golden Knights |
3 |
0 |
2 |
5 |
|
Shots
|
| Colorado Rockies |
6 |
9 |
21 |
36 |
| Vegas Golden Knights |
14 |
8 |
14 |
36 |
|
1st period
1. Vegas Golden Knights , Reilly Smith 3 (Tyler Bertuzzi 4, Jordan Staal 3) at 8:43
2. Colorado Rockies , Nikita Kucherov 6 (Tim Stutzle 9, Kyle Connor 2) at 15:55
3. Vegas Golden Knights , Joe Pavelski 2 (Chris Kreider 5, Reilly Smith 4) at 18:22 (PP)
4. Vegas Golden Knights , Rickard Rakell 8 (Nikolaj Ehlers 7, Jonathan Drouin 5) at 19:44 (PP)
Penalties :
Travis Hamonic (VGK) for Hooking (Minor) at 1:09, Travis Hamonic (VGK) for Cross-checking (Minor) at 4:40, Martin Fehervary (COL) for Interference (Minor) at 11:23, Nikita Zadorov (COL) for Holding (Minor) at 18:07, Victor Hedman (COL) for High sticking (Minor) at 19:27
2nd period
5. Colorado Rockies , Evgeny Kuznetsov 2 (Victor Hedman 5, Nick Schmaltz 5) at 8:04
Penalties :
Chris Kreider (VGK) for Roughing (Minor) at 10:36
3rd period
6. Colorado Rockies , Jesper Bratt 4 (David Pastrnak 4, Ryan O'Reilly 9) at 2:20
7. Vegas Golden Knights , Reilly Smith 4 (Chris Kreider 6, Joe Pavelski 5) at 14:43 (PP)
8. Colorado Rockies , Jesper Bratt 5 (Ryan O'Reilly 10) at 14:53
9. Vegas Golden Knights , Nikolaj Ehlers 2 (Sean Couturier 3, Rickard Rakell 2) at 16:12
Penalties :
Roman Josi (VGK) for Holding (Minor) at 2:38, Vince Dunn (COL) for Holding (Minor) at 13:29, Nikita Kucherov (COL) for Hooking (Minor) at 18:53
Goalie Stats
Andrei Vasilevskiy (COL), 31 saves from 36 shots - (0.861), L, 1-2-0, 59:38 minutes
Alexandar Georgiev (VGK), 32 saves from 36 shots - (0.889), W, 5-4-1, 60:00 minutes
Players Stats for Colorado Rockies
Player Name G A P +/- PIM S H SB GA TA FO MP PP MP PK MP
------------------------------------------------------------------------------------
Andrew Peeke 0 0 0 -1 0 0 1 2 0 2 0/0 22:57 4:04 2:21
David Pastrnak 0 1 1 2 0 3 1 1 0 1 0/0 17:15 3:56 0:00
Evgeny Kuznetsov 1 0 1 1 0 3 0 0 0 1 6/11 11:28 0:00 0:13
Jesper Bratt 2 0 2 2 0 8 1 0 0 0 0/0 17:28 4:00 0:05
Kevin Hayes 0 0 0 1 0 5 0 2 0 0 0/0 11:06 0:00 0:00
Kyle Connor 0 1 1 -1 0 1 0 0 1 1 0/2 18:25 3:56 0:00
Kyle Palmieri 0 0 0 0 0 1 2 0 0 0 0/0 8:15 0:00 0:00
Martin Fehervary 0 0 0 1 2 0 1 0 0 0 0/0 12:37 0:00 1:09
Michael Bunting 0 0 0 0 0 0 0 1 0 0 0/0 8:15 0:00 0:00
Nick Bonino 0 0 0 0 0 0 1 0 0 0 1/1 10:25 0:00 2:10
Nick Schmaltz 0 1 1 1 0 0 1 0 3 1 0/1 17:36 4:00 2:36
Nikita Kucherov 1 0 1 -1 2 6 1 0 0 0 0/0 18:39 3:52 0:00
Nikita Zadorov 0 0 0 -1 2 2 0 2 0 0 0/0 17:43 0:00 2:38
Quinn Hughes 0 0 0 2 0 1 2 1 0 2 0/0 23:53 3:52 0:20
Ryan O'Reilly 0 2 2 2 0 0 1 1 0 0 13/26 19:50 4:00 2:36
Tim Stutzle 0 1 1 -1 0 3 4 1 1 0 8/23 20:35 3:56 2:02
Victor Hedman 0 1 1 2 2 3 1 2 0 1 0/0 25:54 4:04 1:50
Vince Dunn 0 0 0 1 2 0 2 2 0 0 0/0 12:43 0:00 1:24
Players Stats for Vegas Golden Knights
Player Name G A P +/- PIM S H SB GA TA FO MP PP MP PK MP
------------------------------------------------------------------------------------
Alex Chiasson 0 0 0 0 0 1 0 0 0 0 0/1 9:40 2:25 0:00
Chris Kreider 0 2 2 -2 2 3 1 0 0 0 1/2 16:00 2:30 0:00
Eric Staal 0 0 0 0 0 2 1 0 1 0 2/4 12:27 0:00 3:55
Joe Pavelski 1 1 2 -2 0 4 2 0 0 0 0/3 16:12 2:30 0:00
John Marino 0 0 0 1 0 0 1 2 0 1 0/0 20:32 0:00 3:58
Jonathan Drouin 0 1 1 0 0 0 0 0 1 0 1/1 9:38 2:21 0:00
Jordan Staal 0 1 1 0 0 3 0 2 0 1 12/16 17:22 0:00 3:55
Marc Staal 0 0 0 1 0 0 0 0 0 0 0/0 18:51 0:00 3:58
Marc-Edouard Vlasic 0 0 0 -1 0 0 2 0 0 0 0/0 15:48 0:00 3:58
Nikolaj Ehlers 1 1 2 0 0 2 1 0 1 0 0/0 15:16 2:21 0:00
Reilly Smith 2 1 3 0 0 3 1 2 0 0 0/0 14:18 2:30 0:00
Rickard Rakell 1 1 2 0 0 5 4 0 2 0 0/3 15:09 2:21 0:00
Roman Josi 0 0 0 -2 2 6 2 1 0 0 0/0 23:44 2:26 0:25
Sean Couturier 0 1 1 0 0 3 4 1 0 0 11/16 17:01 0:00 4:01
Sean Monahan 0 0 0 -2 0 4 1 0 1 0 9/18 18:04 0:00 4:01
Shea Theodore 0 0 0 -2 0 0 1 2 2 1 0/0 23:18 2:25 1:47
Travis Hamonic 0 0 0 -1 4 0 2 2 0 1 0/0 14:20 0:00 1:46
Tyler Bertuzzi 0 1 1 0 0 0 1 0 1 1 0/0 14:20 2:26 0:00
3 Stars
1 - Reilly Smith (VGK)
2 - Jesper Bratt (COL)
3 - Rickard Rakell (VGK)
Power Play
Colorado Rockies - 0 on 4 Attempt(s) - 0.00%
Vegas Golden Knights - 3 on 5 Attempt(s) - 60.00%
Penalty Kill
Colorado Rockies - 2 on 5 Attempt(s) - 40.00%
- Score 0 goal in Penalty Kill
Vegas Golden Knights - 4 on 4 Attempt(s) - 100.00%
- Score 0 goal in Penalty Kill
Team Stat
Colorado Rockies - Hits : 19 - Faceoff Wins : 28 - Blocked Shots : 15 - Penalty Minutes : 10
Vegas Golden Knights - Hits : 24 - Faceoff Wins : 36 - Blocked Shots : 12 - Penalty Minutes : 8
Official
Referees : Greg Kimmerly and Marc Joannette
Linesman : Brad Kovachik and Steve Miller
Game Notes
No Game Note
Finance
Level 1 -- Attendance: 6000 (100.00%) -- Ticket Income $570,000
Level 2 -- Attendance: 4307 (86.14%) -- Ticket Income $236,885
Level 3 -- Attendance: 2650 (88.33%) -- Ticket Income $79,500
Level 4 -- Attendance: 4683 (93.66%) -- Ticket Income $93,660
Luxury Box -- Attendance: 875 (87.50%) -- Ticket Income $166,250
Game was played at the T-Mobile Arena.
Total Attendance: 18515 (92.58%)
Total Ticket Income: $1,146,295
Other Income: $401,203
Total Income: $1,547,498
Colorado Rockies
5 vs 5 Forward
Center Left Wing Right Wing Time % Phy DF OF
1 Tim Stutzle Kyle Connor Nikita Kucherov 30 1 2 2
2 Ryan O'Reilly Jesper Bratt David Pastrnak 30 1 2 2
3 Evgeny Kuznetsov Nick Schmaltz Kevin Hayes 25 1 2 2
4 Nick Bonino Michael Bunting Kyle Palmieri 15 1 2 2
5 vs 5 Defense
Defense Defense Time % Phy DF OF
1 Victor Hedman Quinn Hughes 42 1 2 2
2 Nikita Zadorov Andrew Peeke 36 1 2 2
3 Martin Fehervary Vince Dunn 22 1 2 2
4 Victor Hedman Quinn Hughes 0 1 2 2
PowerPlay Forward
Center Left Wing Right Wing Time % Phy DF OF
1 Tim Stutzle Kyle Connor David Pastrnak 50 1 2 2
2 Ryan O'Reilly Jesper Bratt Nick Schmaltz 50 1 2 2
PowerPlay Defense
Defense Defense Time % Phy DF OF
1 Nikita Kucherov Quinn Hughes 50 1 2 2
2 Victor Hedman Andrew Peeke 50 1 2 2
Penalty Kill 4 Players Forward
Center Wing Time % Phy DF OF
1 Ryan O'Reilly Nick Schmaltz 50 1 2 2
2 Nick Bonino Tim Stutzle 50 1 2 2
Penalty Kill 4 Players Defense
Defense Defense Time % Phy DF OF
1 Martin Fehervary Andrew Peeke 50 1 2 2
2 Victor Hedman Nikita Zadorov 50 1 2 2
Penalty Kill - 3 Players Forward
Forward Time % Phy DF OF
1 Ryan O'Reilly 50 1 2 2
2 Nick Bonino 50 1 2 2
Penalty Kill - 3 Players Defense
Defense Defense Time % Phy DF OF
1 Andrew Peeke Victor Hedman 50 1 2 2
2 Martin Fehervary Nikita Zadorov 50 1 2 2
4 vs 4 Forward
Center Wing Time % Phy DF OF
1 Tim Stutzle Nikita Kucherov 50 1 2 2
2 Ryan O'Reilly David Pastrnak 50 1 2 2
4 vs 4 Defense
Defense Defense Time % Phy DF OF
1 Victor Hedman Quinn Hughes 50 1 2 2
2 Nikita Zadorov Andrew Peeke 50 1 2 2
Last Minutes Offensive
Center Left Wing Right Wing Defense Defense
Ryan O'Reilly Kyle Connor Nikita Kucherov Victor Hedman Quinn Hughes
Last Minutes Defensive
Center Left Wing Right Wing Defense Defense
Ryan O'Reilly Kyle Connor Nikita Kucherov Victor Hedman Quinn Hughes
Goaltenders
Starting : Andrei Vasilevskiy
Backup : Joey Daccord
Extra Forwards
Normal : Michael Bunting, Nick Schmaltz, Evgeny Kuznetsov - PP : Michael Bunting, Nick Schmaltz - PK : Evgeny Kuznetsov
Extra Defensemen
Normal : Martin Fehervary, Nikita Zadorov, Vince Dunn - PP : Martin Fehervary - PK : Nikita Zadorov, Vince Dunn
Penalty Shots
Evgeny Kuznetsov, Michael Bunting, Nikita Kucherov, Tim Stutzle, Nick Bonino
Vegas Golden Knights
5 vs 5 Forward
Center Left Wing Right Wing Time % Phy DF OF
1 Sean Monahan Chris Kreider Joe Pavelski 30 1 2 2
2 Sean Couturier Nikolaj Ehlers Rickard Rakell 30 1 2 2
3 Jordan Staal Tyler Bertuzzi Reilly Smith 25 1 2 2
4 Eric Staal Jonathan Drouin Alex Chiasson 15 1 2 2
5 vs 5 Defense
Defense Defense Time % Phy DF OF
1 Roman Josi Shea Theodore 35 1 2 2
2 Marc Staal John Marino 30 1 2 2
3 Marc-Edouard Vlasic Travis Hamonic 25 1 2 2
4 Roman Josi Shea Theodore 10 1 2 2
PowerPlay Forward
Center Left Wing Right Wing Time % Phy DF OF
1 Joe Pavelski Chris Kreider Reilly Smith 50 1 2 2
2 Jonathan Drouin Nikolaj Ehlers Rickard Rakell 50 1 2 2
PowerPlay Defense
Defense Defense Time % Phy DF OF
1 Tyler Bertuzzi Roman Josi 50 1 2 2
2 Alex Chiasson Shea Theodore 50 1 2 2
Penalty Kill 4 Players Forward
Center Wing Time % Phy DF OF
1 Sean Couturier Sean Monahan 50 1 2 2
2 Eric Staal Jordan Staal 50 1 2 2
Penalty Kill 4 Players Defense
Defense Defense Time % Phy DF OF
1 John Marino Travis Hamonic 50 1 2 2
2 Marc-Edouard Vlasic Marc Staal 50 1 2 2
Penalty Kill - 3 Players Forward
Forward Time % Phy DF OF
1 Sean Couturier 50 1 2 2
2 Jordan Staal 50 1 2 2
Penalty Kill - 3 Players Defense
Defense Defense Time % Phy DF OF
1 John Marino Travis Hamonic 50 1 2 2
2 Eric Staal Marc Staal 50 1 2 2
4 vs 4 Forward
Center Wing Time % Phy DF OF
1 Joe Pavelski Chris Kreider 50 1 2 2
2 Jonathan Drouin Alex Chiasson 50 1 2 2
4 vs 4 Defense
Defense Defense Time % Phy DF OF
1 Roman Josi Shea Theodore 50 1 2 2
2 Marc-Edouard Vlasic John Marino 50 1 2 2
Last Minutes Offensive
Center Left Wing Right Wing Defense Defense
Joe Pavelski Chris Kreider Nikolaj Ehlers Roman Josi Shea Theodore
Last Minutes Defensive
Center Left Wing Right Wing Defense Defense
Eric Staal Jordan Staal Sean Monahan Marc Staal Travis Hamonic
Goaltenders
Starting : Alexandar Georgiev
Backup : Casey DeSmith
Extra Forwards
Normal : Reilly Smith, Joe Pavelski, Chris Kreider - PP : Sean Monahan, Sean Couturier - PK : Reilly Smith
Extra Defensemen
Normal : John Marino, Roman Josi, Shea Theodore - PP : Marc Staal - PK : Shea Theodore, Roman Josi
Penalty Shots
Rickard Rakell, Sean Monahan, Joe Pavelski, Chris Kreider, Jonathan Drouin
% Time on Ice - Colorado Rockies
Lines # - Real PCT - Wanted PCT - Time Play
Normal Forward
1 - 31% - 30% - 14:29
2 - 28% - 30% - 13:23
3 - 24% - 25% - 11:06
4 - 17% - 15% - 8:15
Normal Defense
1 - 42% - 42% - 19:41
2 - 34% - 36% - 16:12
3 - 24% - 22% - 11:20
4 - 0% - 0% - 0:00
PP Forward
1 - 50% - 50% - 3:56
2 - 50% - 50% - 4:00
PP Defense
1 - 49% - 50% - 3:52
2 - 51% - 50% - 4:04
PK Forward
1 - 54% - 50% - 2:36
2 - 46% - 50% - 2:15
PK Defense
1 - 53% - 50% - 2:33
2 - 47% - 50% - 2:18
PK3 Forward
1 - 0% - 50%
2 - 0% - 50%
PK3 Defense
1 - 0% - 50%
2 - 0% - 50%
44 Forward
1 - 0% - 50%
2 - 0% - 50%
44 Defense
1 - 0% - 50%
2 - 0% - 50%
Last Minute Offensive - 0:00
Last Minute Defensive - 0:00
Total
Forward - 60:00
Defense - 60:00
|
% Time on Ice - Vegas Golden Knights
Lines # - Real PCT - Wanted PCT - Time Play
Normal Forward
1 - 30% - 30% - 14:08
2 - 30% - 30% - 14:00
3 - 25% - 25% - 11:45
4 - 15% - 15% - 7:17
Normal Defense
1 - 37% - 35% - 17:32
2 - 32% - 30% - 14:58
3 - 25% - 25% - 11:44
4 - 6% - 10% - 2:56
PP Forward
1 - 52% - 50% - 2:30
2 - 48% - 50% - 2:21
PP Defense
1 - 50% - 50% - 2:26
2 - 50% - 50% - 2:25
PK Forward
1 - 51% - 50% - 4:01
2 - 49% - 50% - 3:55
PK Defense
1 - 50% - 50% - 3:58
2 - 50% - 50% - 3:58
PK3 Forward
1 - 0% - 50%
2 - 0% - 50%
PK3 Defense
1 - 0% - 50%
2 - 0% - 50%
44 Forward
1 - 0% - 50%
2 - 0% - 50%
44 Defense
1 - 0% - 50%
2 - 0% - 50%
Last Minute Offensive - 0:00
Last Minute Defensive - 0:03
Total
Forward - 60:00
Defense - 60:00
|
Play-by-Play
1st period
0:01 of 1st period - Chris Kreider wins face-off versus Kyle Connor in neutral zone.
0:26 of 1st period - Sean Couturier is hit by Jesper Bratt and loses puck.
0:31 of 1st period - Snap shot by Jesper Bratt.
0:31 of 1st period - Shot Misses the Net.
0:33 of 1st period - Wrist shot by Ryan O'Reilly.
0:33 of 1st period - Deflect By Rickard Rakell.
0:33 of 1st period - Shot Misses the Net.
0:33 of 1st period - Puck is out of play.
0:34 of 1st period - Jordan Staal wins face-off versus Evgeny Kuznetsov in Vegas Golden Knights zone.
0:38 of 1st period - Off-side.
0:39 of 1st period - Jordan Staal wins face-off versus Evgeny Kuznetsov in neutral zone.
0:47 of 1st period - Wrist shot by Kevin Hayes.
0:47 of 1st period - Stopped by Alexandar Georgiev without a rebound.
0:48 of 1st period - Nick Bonino wins face-off versus Alex Chiasson in Vegas Golden Knights zone.
1:09 of 1st period - Minor Penalty to Travis Hamonic for Hooking.
1:10 of 1st period - Sean Couturier wins face-off versus Tim Stutzle in Vegas Golden Knights zone.
2:17 of 1st period - Snap shot by Sean Couturier.
2:17 of 1st period - Stopped by Andrei Vasilevskiy with a rebound.
2:19 of 1st period - Slapshot by Sean Monahan.
2:19 of 1st period - Deflect By Tim Stutzle.
2:19 of 1st period - Stopped by Andrei Vasilevskiy without a rebound.
2:20 of 1st period - Ryan O'Reilly wins face-off versus Sean Couturier in Colorado Rockies zone.
3:05 of 1st period - Sean Couturier is hit by Tim Stutzle and loses puck.
3:09 of 1st period - Penalty to Travis Hamonic is over, Travis Hamonic is back on ice.
3:35 of 1st period - Kevin Hayes is hit by Roman Josi and loses puck.
4:40 of 1st period - Minor Penalty to Travis Hamonic for Cross-checking.
4:41 of 1st period - Eric Staal wins face-off versus Ryan O'Reilly in Vegas Golden Knights zone.
4:56 of 1st period - Snap shot by Jesper Bratt.
4:56 of 1st period - Stopped by Alexandar Georgiev without a rebound.
4:57 of 1st period - Sean Couturier wins face-off versus Tim Stutzle in Vegas Golden Knights zone.
6:40 of 1st period - Penalty to Travis Hamonic is over, Travis Hamonic is back on ice.
7:11 of 1st period - Snap shot by Sean Couturier.
7:11 of 1st period - Stopped by Andrei Vasilevskiy without a rebound.
7:12 of 1st period - Evgeny Kuznetsov wins face-off versus Sean Couturier in Colorado Rockies zone.
7:33 of 1st period - Snap shot by Nikita Kucherov.
7:33 of 1st period - Shot Blocked by Travis Hamonic.
7:41 of 1st period - Snap shot by Nikita Kucherov.
7:41 of 1st period - Stopped by Alexandar Georgiev with a rebound.
8:04 of 1st period - Icing by Travis Hamonic.
8:05 of 1st period - Sean Couturier wins face-off versus Tim Stutzle in Vegas Golden Knights zone.
8:21 of 1st period - Snap shot by Nikita Kucherov.
8:21 of 1st period - Stopped by Alexandar Georgiev without a rebound.
8:22 of 1st period - Sean Monahan wins face-off versus Ryan O'Reilly in Vegas Golden Knights zone.
8:39 of 1st period - Snap shot by Sean Monahan.
8:39 of 1st period - Deflect By Chris Kreider.
8:39 of 1st period - Stopped by Andrei Vasilevskiy without a rebound.
8:40 of 1st period - Jordan Staal wins face-off versus Tim Stutzle in Colorado Rockies zone.
8:43 of 1st period - Backhand shot by Reilly Smith.
8:43 of 1st period - Goal by Reilly Smith - Colorado Rockies : 0 - Vegas Golden Knights : 1.
8:44 of 1st period - Sean Monahan wins face-off versus Ryan O'Reilly in neutral zone.
8:49 of 1st period - Snap shot by Chris Kreider.
8:49 of 1st period - Stopped by Andrei Vasilevskiy with a rebound.
8:59 of 1st period - Snap shot by David Pastrnak.
8:59 of 1st period - Shot Misses the Net.
9:15 of 1st period - Wrist shot by Jordan Staal.
9:15 of 1st period - Shot Misses the Net.
10:56 of 1st period - Evgeny Kuznetsov is hit by Sean Couturier and loses puck.
11:04 of 1st period - Off-side.
11:05 of 1st period - Ryan O'Reilly wins face-off versus Sean Monahan in neutral zone.
11:23 of 1st period - Minor Penalty to Martin Fehervary for Interference.
11:24 of 1st period - Ryan O'Reilly wins face-off versus Joe Pavelski in Colorado Rockies zone.
13:23 of 1st period - Penalty to Martin Fehervary is over, Martin Fehervary is back on ice.
14:05 of 1st period - Nikolaj Ehlers is hit by Martin Fehervary and loses puck.
14:15 of 1st period - Icing by Marc Staal.
14:16 of 1st period - Tim Stutzle wins face-off versus Eric Staal in Vegas Golden Knights zone.
14:50 of 1st period - Icing by John Marino.
14:51 of 1st period - Jordan Staal wins face-off versus Evgeny Kuznetsov in Vegas Golden Knights zone.
15:05 of 1st period - Icing by Martin Fehervary.
15:06 of 1st period - Evgeny Kuznetsov wins face-off versus Jordan Staal in Colorado Rockies zone.
15:06 of 1st period - Evgeny Kuznetsov is hit by Tyler Bertuzzi.
15:30 of 1st period - Roman Josi is hit by Vince Dunn and loses puck.
15:37 of 1st period - Slapshot by Evgeny Kuznetsov.
15:37 of 1st period - Stopped by Alexandar Georgiev with a rebound.
15:41 of 1st period - Slapshot by Nick Schmaltz.
15:41 of 1st period - Deflect By Kevin Hayes.
15:41 of 1st period - Shot Misses the Net.
15:41 of 1st period - Puck is out of play.
15:42 of 1st period - Tim Stutzle wins face-off versus Sean Monahan in Vegas Golden Knights zone.
15:53 of 1st period - Snap shot by Tim Stutzle.
15:53 of 1st period - Shot Misses the Net.
15:55 of 1st period - Slapshot by Nikita Kucherov.
15:55 of 1st period - Goal by Nikita Kucherov - Colorado Rockies : 1 - Vegas Golden Knights : 1.
15:56 of 1st period - Sean Couturier wins face-off versus Tim Stutzle in neutral zone.
16:01 of 1st period - Snap shot by Sean Couturier.
16:01 of 1st period - Shot Hit the Post.
16:41 of 1st period - Andrew Peeke is hit by Joe Pavelski and loses puck.
16:48 of 1st period - Snap shot by Sean Monahan.
16:48 of 1st period - Stopped by Andrei Vasilevskiy without a rebound.
16:49 of 1st period - Tim Stutzle wins face-off versus Sean Couturier in Colorado Rockies zone.
17:56 of 1st period - Wrist shot by Sean Monahan.
17:56 of 1st period - Stopped by Andrei Vasilevskiy without a rebound.
17:57 of 1st period - Jordan Staal wins face-off versus Tim Stutzle in Colorado Rockies zone.
18:07 of 1st period - Minor Penalty to Nikita Zadorov for Holding.
18:08 of 1st period - Ryan O'Reilly wins face-off versus Joe Pavelski in Colorado Rockies zone.
18:16 of 1st period - Slapshot by Chris Kreider.
18:16 of 1st period - Shot Blocked by Victor Hedman.
18:18 of 1st period - Slapshot by Shea Theodore.
18:18 of 1st period - Shot Blocked by Vince Dunn.
18:20 of 1st period - Slapshot by Reilly Smith.
18:20 of 1st period - Deflect By Joe Pavelski.
18:20 of 1st period - Stopped by Andrei Vasilevskiy with a rebound.
18:22 of 1st period - Wrist shot by Chris Kreider.
18:22 of 1st period - Deflect By Joe Pavelski.
18:22 of 1st period - Goal by Joe Pavelski - Colorado Rockies : 1 - Vegas Golden Knights : 2.
18:23 of 1st period - Sean Monahan wins face-off versus Tim Stutzle in neutral zone.
19:18 of 1st period - Slapshot by Rickard Rakell.
19:18 of 1st period - Stopped by Andrei Vasilevskiy with a rebound.
19:20 of 1st period - Slapshot by Roman Josi.
19:20 of 1st period - Shot Blocked by Nikita Zadorov.
19:22 of 1st period - Slapshot by Roman Josi.
19:22 of 1st period - Deflect By Nick Schmaltz.
19:22 of 1st period - Stopped by Andrei Vasilevskiy with a rebound.
19:24 of 1st period - Snap shot by Rickard Rakell.
19:24 of 1st period - Stopped by Andrei Vasilevskiy without a rebound.
19:25 of 1st period - Ryan O'Reilly wins face-off versus Sean Monahan in Colorado Rockies zone.
19:27 of 1st period - Minor Penalty to Victor Hedman for High sticking.
19:28 of 1st period - Ryan O'Reilly wins face-off versus Rickard Rakell in Colorado Rockies zone.
19:44 of 1st period - Snap shot by Rickard Rakell.
19:44 of 1st period - Goal by Rickard Rakell - Colorado Rockies : 1 - Vegas Golden Knights : 3.
19:45 of 1st period - Sean Monahan wins face-off versus Tim Stutzle in neutral zone.
Goals for this period are 1 for Colorado Rockies vs 3 for Vegas Golden Knights.
Shots for this period are 6 for Colorado Rockies vs 14 for Vegas Golden Knights.
2nd period
0:01 of 2nd period - Jordan Staal wins face-off versus Ryan O'Reilly in neutral zone.
0:50 of 2nd period - Wrist shot by Rickard Rakell.
0:50 of 2nd period - Shot Misses the Net.
1:20 of 2nd period - Off-side.
1:21 of 2nd period - Jordan Staal wins face-off versus Ryan O'Reilly in neutral zone.
1:26 of 2nd period - Wrist shot by Reilly Smith.
1:26 of 2nd period - Shot Misses the Net.
1:48 of 2nd period - Shea Theodore is hit by Tim Stutzle and loses puck.
1:55 of 2nd period - Victor Hedman is hit by Joe Pavelski and loses puck.
2:16 of 2nd period - Snap shot by Nick Schmaltz.
2:16 of 2nd period - Shot Misses the Net.
2:18 of 2nd period - Snap shot by Kevin Hayes.
2:18 of 2nd period - Stopped by Alexandar Georgiev with a rebound.
3:09 of 2nd period - Icing by Jesper Bratt.
3:10 of 2nd period - Tim Stutzle wins face-off versus Sean Monahan in Colorado Rockies zone.
3:15 of 2nd period - Wrist shot by Nikita Kucherov.
3:15 of 2nd period - Stopped by Alexandar Georgiev without a rebound.
3:16 of 2nd period - Tim Stutzle wins face-off versus Sean Couturier in Vegas Golden Knights zone.
3:17 of 2nd period - Snap shot by Nikita Kucherov.
3:17 of 2nd period - Deflect By Kyle Connor.
3:17 of 2nd period - Stopped by Alexandar Georgiev with a rebound.
3:19 of 2nd period - Snap shot by Tim Stutzle.
3:19 of 2nd period - Deflect By Sean Couturier.
3:19 of 2nd period - Stopped by Alexandar Georgiev without a rebound.
3:20 of 2nd period - Sean Couturier wins face-off versus Tim Stutzle in Vegas Golden Knights zone.
3:25 of 2nd period - Kyle Connor is hit by Rickard Rakell and loses puck.
3:43 of 2nd period - Icing by Nikolaj Ehlers.
3:44 of 2nd period - Sean Couturier wins face-off versus Ryan O'Reilly in Vegas Golden Knights zone.
3:51 of 2nd period - Snap shot by Reilly Smith.
3:51 of 2nd period - Stopped by Andrei Vasilevskiy without a rebound.
3:52 of 2nd period - Evgeny Kuznetsov wins face-off versus Jordan Staal in Colorado Rockies zone.
3:52 of 2nd period - Evgeny Kuznetsov is hit by Roman Josi.
3:58 of 2nd period - Slapshot by Kevin Hayes.
3:58 of 2nd period - Shot Blocked by Jordan Staal.
4:18 of 2nd period - Andrew Peeke is hit by Sean Monahan and loses puck.
4:23 of 2nd period - Snap shot by Sean Monahan.
4:23 of 2nd period - Shot Misses the Net.
4:29 of 2nd period - Slapshot by Chris Kreider.
4:29 of 2nd period - Shot Misses the Net.
4:39 of 2nd period - Wrist shot by Sean Couturier.
4:39 of 2nd period - Shot Blocked by Andrew Peeke.
4:45 of 2nd period - Tim Stutzle is hit by Sean Couturier and loses puck.
5:02 of 2nd period - Wrist shot by Alex Chiasson.
5:02 of 2nd period - Stopped by Andrei Vasilevskiy without a rebound.
5:03 of 2nd period - Evgeny Kuznetsov wins face-off versus Eric Staal in Colorado Rockies zone.
5:08 of 2nd period - Slapshot by Kevin Hayes.
5:08 of 2nd period - Stopped by Alexandar Georgiev with a rebound.
5:28 of 2nd period - Travis Hamonic is hit by Victor Hedman and loses puck.
5:49 of 2nd period - Snap shot by Ryan O'Reilly.
5:49 of 2nd period - Shot Blocked by Reilly Smith.
6:09 of 2nd period - Nikolaj Ehlers is hit by Kyle Palmieri and loses puck.
6:32 of 2nd period - Snap shot by Roman Josi.
6:32 of 2nd period - Deflect By Quinn Hughes.
6:32 of 2nd period - Stopped by Andrei Vasilevskiy with a rebound.
6:52 of 2nd period - Eric Staal is hit by Tim Stutzle and loses puck.
7:21 of 2nd period - Wrist shot by Chris Kreider.
7:21 of 2nd period - Stopped by Andrei Vasilevskiy with a rebound.
7:23 of 2nd period - Wrist shot by Joe Pavelski.
7:23 of 2nd period - Shot Misses the Net.
7:25 of 2nd period - Slapshot by Shea Theodore.
7:25 of 2nd period - Shot Blocked by David Pastrnak.
7:41 of 2nd period - Wrist shot by Michael Bunting.
7:41 of 2nd period - Shot Misses the Net.
8:00 of 2nd period - Snap shot by Evgeny Kuznetsov.
8:00 of 2nd period - Stopped by Alexandar Georgiev with a rebound.
8:02 of 2nd period - Slapshot by Victor Hedman.
8:02 of 2nd period - Shot Blocked by Sean Couturier.
8:04 of 2nd period - Snap shot by Evgeny Kuznetsov.
8:04 of 2nd period - Goal by Evgeny Kuznetsov - Colorado Rockies : 2 - Vegas Golden Knights : 3.
8:05 of 2nd period - Ryan O'Reilly wins face-off versus Sean Monahan in neutral zone.
8:18 of 2nd period - Slapshot by Sean Monahan.
8:18 of 2nd period - Stopped by Andrei Vasilevskiy with a rebound.
8:36 of 2nd period - Marc Staal is hit by Tim Stutzle and loses puck.
8:49 of 2nd period - Victor Hedman is hit by Sean Couturier and loses puck.
9:02 of 2nd period - Snap shot by Tyler Bertuzzi.
9:02 of 2nd period - Shot Misses the Net.
9:04 of 2nd period - Slapshot by Jordan Staal.
9:04 of 2nd period - Stopped by Andrei Vasilevskiy without a rebound.
9:05 of 2nd period - Evgeny Kuznetsov wins face-off versus Chris Kreider in Colorado Rockies zone.
9:32 of 2nd period - Reilly Smith is hit by Ryan O'Reilly and loses puck.
10:07 of 2nd period - Snap shot by Rickard Rakell.
10:07 of 2nd period - Stopped by Andrei Vasilevskiy with a rebound.
10:14 of 2nd period - Icing by Vince Dunn.
10:15 of 2nd period - Eric Staal wins face-off versus Tim Stutzle in Colorado Rockies zone.
10:34 of 2nd period - Backhand shot by Tim Stutzle.
10:34 of 2nd period - Shot Blocked by Travis Hamonic.
10:36 of 2nd period - Minor Penalty to Chris Kreider for Roughing.
10:37 of 2nd period - Sean Couturier wins face-off versus Ryan O'Reilly in Vegas Golden Knights zone.
10:54 of 2nd period - Wrist shot by Jesper Bratt.
10:54 of 2nd period - Shot Misses the Net.
11:46 of 2nd period - Kyle Connor is hit by Travis Hamonic.
12:36 of 2nd period - Penalty to Chris Kreider is over, Chris Kreider is back on ice.
13:28 of 2nd period - Kyle Palmieri is hit by Reilly Smith and loses puck.
14:11 of 2nd period - Evgeny Kuznetsov is hit by Travis Hamonic and loses puck.
14:39 of 2nd period - Kyle Connor is hit by Marc-Edouard Vlasic and loses puck.
14:52 of 2nd period - Michael Bunting is hit by Marc-Edouard Vlasic and loses puck.
15:27 of 2nd period - Slapshot by Roman Josi.
15:27 of 2nd period - Shot Misses the Net.
16:02 of 2nd period - Slapshot by Shea Theodore.
16:02 of 2nd period - Shot Misses the Net.
16:04 of 2nd period - Slapshot by Roman Josi.
16:04 of 2nd period - Stopped by Andrei Vasilevskiy with a rebound.
16:55 of 2nd period - Victor Hedman is hit by Chris Kreider and loses puck.
17:10 of 2nd period - Snap shot by Kyle Palmieri.
17:10 of 2nd period - Shot Misses the Net.
17:18 of 2nd period - Kyle Palmieri is hit by Rickard Rakell and loses puck.
17:57 of 2nd period - Slapshot by Jesper Bratt.
17:57 of 2nd period - Stopped by Alexandar Georgiev with a rebound.
18:06 of 2nd period - Off-side.
18:07 of 2nd period - Jordan Staal wins face-off versus Evgeny Kuznetsov in neutral zone.
18:42 of 2nd period - Wrist shot by Nikita Kucherov.
18:42 of 2nd period - Shot Hit the Post.
18:44 of 2nd period - Snap shot by Andrew Peeke.
18:44 of 2nd period - Shot Misses the Net.
18:46 of 2nd period - Slapshot by Nikita Zadorov.
18:46 of 2nd period - Stopped by Alexandar Georgiev with a rebound.
19:09 of 2nd period - Snap shot by Sean Monahan.
19:09 of 2nd period - Shot Misses the Net.
19:21 of 2nd period - Snap shot by Nikolaj Ehlers.
19:21 of 2nd period - Shot Blocked by Michael Bunting.
19:23 of 2nd period - Snap shot by Nikolaj Ehlers.
19:23 of 2nd period - Shot Misses the Net.
Goals for this period are 1 for Colorado Rockies vs 0 for Vegas Golden Knights.
Shots for this period are 9 for Colorado Rockies vs 8 for Vegas Golden Knights.
3rd period
0:01 of 3rd period - Ryan O'Reilly wins face-off versus Sean Couturier in neutral zone.
0:31 of 3rd period - Backhand shot by Nikolaj Ehlers.
0:31 of 3rd period - Shot Blocked by Kevin Hayes.
0:33 of 3rd period - Slapshot by Roman Josi.
0:33 of 3rd period - Stopped by Andrei Vasilevskiy without a rebound.
0:34 of 3rd period - Sean Monahan wins face-off versus Tim Stutzle in Colorado Rockies zone.
0:45 of 3rd period - Slapshot by Joe Pavelski.
0:45 of 3rd period - Shot Blocked by Nikita Zadorov.
2:02 of 3rd period - Slapshot by Kyle Palmieri.
2:02 of 3rd period - Stopped by Alexandar Georgiev without a rebound.
2:03 of 3rd period - Sean Monahan wins face-off versus Ryan O'Reilly in Vegas Golden Knights zone.
2:18 of 3rd period - Wrist shot by Jesper Bratt.
2:18 of 3rd period - Stopped by Alexandar Georgiev with a rebound.
2:20 of 3rd period - Slapshot by Jesper Bratt.
2:20 of 3rd period - Goal by Jesper Bratt - Colorado Rockies : 3 - Vegas Golden Knights : 3.
2:21 of 3rd period - Tim Stutzle wins face-off versus Sean Monahan in neutral zone.
2:38 of 3rd period - Minor Penalty to Roman Josi for Holding.
2:39 of 3rd period - Sean Couturier wins face-off versus Kyle Connor in Vegas Golden Knights zone.
2:39 of 3rd period - Sean Couturier is hit by Nikita Kucherov.
3:12 of 3rd period - Off-side.
3:13 of 3rd period - Sean Couturier wins face-off versus Ryan O'Reilly in neutral zone.
3:16 of 3rd period - Nick Schmaltz is hit by Sean Couturier and loses puck.
3:29 of 3rd period - John Marino is hit by Nick Schmaltz and loses puck.
4:38 of 3rd period - Penalty to Roman Josi is over, Roman Josi is back on ice.
4:46 of 3rd period - Victor Hedman is hit by Eric Staal and loses puck.
4:55 of 3rd period - Wrist shot by Eric Staal.
4:55 of 3rd period - Stopped by Andrei Vasilevskiy with a rebound.
4:57 of 3rd period - Slapshot by Roman Josi.
4:57 of 3rd period - Shot Hit the Post.
5:11 of 3rd period - Snap shot by Eric Staal.
5:11 of 3rd period - Shot Hit the Post.
5:13 of 3rd period - Wrist shot by Jordan Staal.
5:13 of 3rd period - Shot Blocked by Victor Hedman.
5:15 of 3rd period - Wrist shot by Eric Staal.
5:15 of 3rd period - Shot Misses the Net.
5:17 of 3rd period - Wrist shot by Jordan Staal.
5:17 of 3rd period - Stopped by Andrei Vasilevskiy with a rebound.
5:19 of 3rd period - Snap shot by Eric Staal.
5:19 of 3rd period - Stopped by Andrei Vasilevskiy with a rebound.
5:21 of 3rd period - Wrist shot by Jordan Staal.
5:21 of 3rd period - Shot Misses the Net.
5:23 of 3rd period - Snap shot by Jordan Staal.
5:23 of 3rd period - Stopped by Andrei Vasilevskiy without a rebound.
5:24 of 3rd period - Sean Monahan wins face-off versus Ryan O'Reilly in Colorado Rockies zone.
5:35 of 3rd period - Snap shot by Sean Monahan.
5:35 of 3rd period - Shot Misses the Net.
5:37 of 3rd period - Slapshot by Shea Theodore.
5:37 of 3rd period - Shot Misses the Net.
5:51 of 3rd period - Snap shot by Rickard Rakell.
5:51 of 3rd period - Shot Misses the Net.
5:53 of 3rd period - Snap shot by Nikolaj Ehlers.
5:53 of 3rd period - Shot Misses the Net.
6:00 of 3rd period - Icing by Martin Fehervary.
6:01 of 3rd period - Tim Stutzle wins face-off versus Sean Monahan in Colorado Rockies zone.
6:36 of 3rd period - Snap shot by David Pastrnak.
6:36 of 3rd period - Stopped by Alexandar Georgiev with a rebound.
6:38 of 3rd period - Wrist shot by Jesper Bratt.
6:38 of 3rd period - Deflect By Rickard Rakell.
6:38 of 3rd period - Stopped by Alexandar Georgiev without a rebound.
6:39 of 3rd period - Evgeny Kuznetsov wins face-off versus Sean Monahan in Vegas Golden Knights zone.
6:42 of 3rd period - Wrist shot by Evgeny Kuznetsov.
6:42 of 3rd period - Shot Misses the Net.
6:44 of 3rd period - Snap shot by Victor Hedman.
6:44 of 3rd period - Stopped by Alexandar Georgiev with a rebound.
6:46 of 3rd period - Slapshot by Victor Hedman.
6:46 of 3rd period - Stopped by Alexandar Georgiev with a rebound.
6:48 of 3rd period - Wrist shot by Kevin Hayes.
6:48 of 3rd period - Stopped by Alexandar Georgiev with a rebound.
6:50 of 3rd period - Wrist shot by Kevin Hayes.
6:50 of 3rd period - Stopped by Alexandar Georgiev with a rebound.
6:52 of 3rd period - Snap shot by Nick Schmaltz.
6:52 of 3rd period - Shot Misses the Net.
6:54 of 3rd period - Snap shot by Quinn Hughes.
6:54 of 3rd period - Stopped by Alexandar Georgiev with a rebound.
6:56 of 3rd period - Slapshot by Quinn Hughes.
6:56 of 3rd period - Shot Blocked by Roman Josi.
7:06 of 3rd period - Sean Monahan is hit by Quinn Hughes and loses puck.
7:29 of 3rd period - Reilly Smith is hit by David Pastrnak and loses puck.
7:52 of 3rd period - Snap shot by Kyle Palmieri.
7:52 of 3rd period - Shot Blocked by John Marino.
8:10 of 3rd period - Sean Couturier is hit by Kyle Palmieri and loses puck.
8:17 of 3rd period - Quinn Hughes is hit by John Marino and loses puck.
8:24 of 3rd period - Wrist shot by Rickard Rakell.
8:24 of 3rd period - Stopped by Andrei Vasilevskiy without a rebound.
8:25 of 3rd period - Jordan Staal wins face-off versus Tim Stutzle in Colorado Rockies zone.
8:40 of 3rd period - Snap shot by Tyler Bertuzzi.
8:40 of 3rd period - Shot Misses the Net.
9:14 of 3rd period - Eric Staal is hit by Vince Dunn and loses puck.
9:41 of 3rd period - Kyle Palmieri is hit by Nikolaj Ehlers and loses puck.
10:53 of 3rd period - Snap shot by Joe Pavelski.
10:53 of 3rd period - Stopped by Andrei Vasilevskiy without a rebound.
10:54 of 3rd period - Tim Stutzle wins face-off versus Rickard Rakell in Colorado Rockies zone.
10:54 of 3rd period - Tim Stutzle is hit by Rickard Rakell.
11:02 of 3rd period - Snap shot by Tim Stutzle.
11:02 of 3rd period - Stopped by Alexandar Georgiev without a rebound.
11:03 of 3rd period - Sean Couturier wins face-off versus Tim Stutzle in Vegas Golden Knights zone.
11:11 of 3rd period - Icing by Martin Fehervary.
11:12 of 3rd period - Sean Monahan wins face-off versus Tim Stutzle in Colorado Rockies zone.
11:27 of 3rd period - Slapshot by Nikita Kucherov.
11:27 of 3rd period - Stopped by Alexandar Georgiev without a rebound.
11:28 of 3rd period - Jordan Staal wins face-off versus Ryan O'Reilly in Vegas Golden Knights zone.
12:23 of 3rd period - Slapshot by Roman Josi.
12:23 of 3rd period - Stopped by Andrei Vasilevskiy without a rebound.
12:24 of 3rd period - Sean Couturier wins face-off versus Tim Stutzle in Colorado Rockies zone.
12:43 of 3rd period - Snap shot by Kyle Connor.
12:43 of 3rd period - Shot Misses the Net.
12:53 of 3rd period - Wrist shot by Nikita Kucherov.
12:53 of 3rd period - Stopped by Alexandar Georgiev with a rebound.
13:07 of 3rd period - Snap shot by Tim Stutzle.
13:07 of 3rd period - Stopped by Alexandar Georgiev with a rebound.
13:09 of 3rd period - Snap shot by Nikita Zadorov.
13:09 of 3rd period - Stopped by Alexandar Georgiev without a rebound.
13:10 of 3rd period - Sean Monahan wins face-off versus Ryan O'Reilly in Vegas Golden Knights zone.
13:27 of 3rd period - Wrist shot by Sean Monahan.
13:27 of 3rd period - Shot Blocked by Vince Dunn.
13:29 of 3rd period - Minor Penalty to Vince Dunn for Holding.
13:30 of 3rd period - Ryan O'Reilly wins face-off versus Rickard Rakell in Colorado Rockies zone.
13:39 of 3rd period - Nikolaj Ehlers is hit by Nick Bonino.
14:33 of 3rd period - Icing by Nikolaj Ehlers.
14:34 of 3rd period - Ryan O'Reilly wins face-off versus Joe Pavelski in Vegas Golden Knights zone.
14:39 of 3rd period - Wrist shot by Roman Josi.
14:39 of 3rd period - Shot Misses the Net.
14:41 of 3rd period - Wrist shot by Joe Pavelski.
14:41 of 3rd period - Stopped by Andrei Vasilevskiy with a rebound.
14:43 of 3rd period - Snap shot by Chris Kreider.
14:43 of 3rd period - Deflect By Reilly Smith.
14:43 of 3rd period - Goal by Reilly Smith - Colorado Rockies : 3 - Vegas Golden Knights : 4.
14:44 of 3rd period - Ryan O'Reilly wins face-off versus Jordan Staal in neutral zone.
14:51 of 3rd period - Wrist shot by Jesper Bratt.
14:51 of 3rd period - Shot Blocked by Reilly Smith.
14:53 of 3rd period - Snap shot by Jesper Bratt.
14:53 of 3rd period - Goal by Jesper Bratt - Colorado Rockies : 4 - Vegas Golden Knights : 4.
14:54 of 3rd period - Ryan O'Reilly wins face-off versus Jordan Staal in neutral zone.
14:57 of 3rd period - Wrist shot by David Pastrnak.
14:57 of 3rd period - Shot Misses the Net.
14:59 of 3rd period - Slapshot by Jesper Bratt.
14:59 of 3rd period - Stopped by Alexandar Georgiev with a rebound.
15:01 of 3rd period - Slapshot by Quinn Hughes.
15:01 of 3rd period - Shot Blocked by Shea Theodore.
15:03 of 3rd period - Wrist shot by Victor Hedman.
15:03 of 3rd period - Shot Blocked by Shea Theodore.
15:05 of 3rd period - Slapshot by Victor Hedman.
15:05 of 3rd period - Shot Blocked by Jordan Staal.
15:25 of 3rd period - Slapshot by Jonathan Drouin.
15:25 of 3rd period - Shot Misses the Net.
15:27 of 3rd period - Slapshot by Shea Theodore.
15:27 of 3rd period - Shot Blocked by Kevin Hayes.
15:29 of 3rd period - Snap shot by Alex Chiasson.
15:29 of 3rd period - Shot Misses the Net.
15:31 of 3rd period - Snap shot by Eric Staal.
15:31 of 3rd period - Shot Misses the Net.
15:33 of 3rd period - Snap shot by Roman Josi.
15:33 of 3rd period - Stopped by Andrei Vasilevskiy with a rebound.
16:03 of 3rd period - Quinn Hughes is hit by Rickard Rakell and loses puck.
16:08 of 3rd period - Slapshot by Rickard Rakell.
16:08 of 3rd period - Deflect By Sean Couturier.
16:08 of 3rd period - Stopped by Andrei Vasilevskiy with a rebound.
16:10 of 3rd period - Snap shot by Nikolaj Ehlers.
16:10 of 3rd period - Stopped by Andrei Vasilevskiy with a rebound.
16:12 of 3rd period - Wrist shot by Nikolaj Ehlers.
16:12 of 3rd period - Goal by Nikolaj Ehlers - Colorado Rockies : 4 - Vegas Golden Knights : 5.
16:13 of 3rd period - Jordan Staal wins face-off versus Nick Schmaltz in neutral zone.
16:28 of 3rd period - Snap shot by Tyler Bertuzzi.
16:28 of 3rd period - Shot Blocked by Andrew Peeke.
16:38 of 3rd period - Eric Staal is hit by Andrew Peeke and loses puck.
16:58 of 3rd period - Wrist shot by David Pastrnak.
16:58 of 3rd period - Stopped by Alexandar Georgiev with a rebound.
17:00 of 3rd period - Slapshot by Vince Dunn.
17:00 of 3rd period - Shot Blocked by John Marino.
17:02 of 3rd period - Wrist shot by David Pastrnak.
17:02 of 3rd period - Stopped by Alexandar Georgiev without a rebound.
17:03 of 3rd period - Ryan O'Reilly wins face-off versus Sean Monahan in Vegas Golden Knights zone.
17:04 of 3rd period - Slapshot by David Pastrnak.
17:04 of 3rd period - Shot Misses the Net.
17:06 of 3rd period - Wrist shot by Victor Hedman.
17:06 of 3rd period - Shot Misses the Net.
17:08 of 3rd period - Slapshot by Victor Hedman.
17:08 of 3rd period - Stopped by Alexandar Georgiev with a rebound.
17:10 of 3rd period - Wrist shot by Quinn Hughes.
17:10 of 3rd period - Shot Misses the Net.
17:12 of 3rd period - Snap shot by Jesper Bratt.
17:12 of 3rd period - Stopped by Alexandar Georgiev without a rebound.
17:13 of 3rd period - Jordan Staal wins face-off versus Evgeny Kuznetsov in Vegas Golden Knights zone.
18:08 of 3rd period - Snap shot by Joe Pavelski.
18:08 of 3rd period - Shot Misses the Net.
18:22 of 3rd period - Snap shot by Nikolaj Ehlers.
18:22 of 3rd period - Shot Blocked by Quinn Hughes.
18:24 of 3rd period - Wrist shot by Rickard Rakell.
18:24 of 3rd period - Shot Blocked by Tim Stutzle.
18:32 of 3rd period - Colorado Rockies, Andrei Vasilevskiy is pulled from the net.
18:40 of 3rd period - Tyler Bertuzzi is hit by Quinn Hughes and loses puck.
18:53 of 3rd period - Minor Penalty to Nikita Kucherov for Hooking.
18:54 of 3rd period - Andrei Vasilevskiy from Colorado Rockies was sent back in the game.
18:54 of 3rd period - Jonathan Drouin wins face-off versus Ryan O'Reilly in Colorado Rockies zone.
19:03 of 3rd period - Wrist shot by Nikolaj Ehlers.
19:03 of 3rd period - Shot Blocked by Ryan O'Reilly.
19:55 of 3rd period - Nikita Zadorov is hit by Shea Theodore and loses puck.
Goals for this period are 2 for Colorado Rockies vs 2 for Vegas Golden Knights.
Shots for this period are 21 for Colorado Rockies vs 14 for Vegas Golden Knights.
Back to the Top